 Dungeon Crawl Stone Soup version 0.21-a0-404-g291f19a (webtiles) character file.

121 Mamutox the Sneak (level 4, -3/23 HPs)
             Began as a Spriggan Assassin on Oct 28, 2017.
             Killed by nerve-wracking pain
             ... invoked by an orc priest
              (14 damage)
             ... on level 4 of the Dungeon.
             The game lasted 00:16:47 (2934 turns).

Mamutox the Sneak (Spriggan Assassin)               Turns: 2934, Time: 00:16:50

Health: -3/23      AC:  4    Str:  7    XL:     4   Next: 77%
Magic:  5/5        EV: 17    Int: 12    God:
Gold:   184        SH:  0    Dex: 18    Spells: 3/3 levels left

rFire    . . .     SeeInvis +   a - +2 dagger
rCold    . . .     Gourm    .   (shield restricted)
rNeg     . . .     Faith    .   c - +0 robe
rPois    .         Spirit   .   (helmet restricted)
rElec    .         Reflect  .   d - +1 cloak
rCorr    .         Harm     .   (gloves unavailable)
MR       .....                  (boots unavailable)
Stlth    ++++......             (no amulet)
HPRegen  0.07/turn              (no ring)
MPRegen  0.09/turn              (no ring)

@: very quick
A: unfitting armour, see invisible, herbivore 3, speed 3, slow metabolism 2
a: no special abilities


You were on level 4 of the Dungeon.
You were not hungry.

You visited 1 branch of the dungeon, and saw 4 of its levels.

You collected 184 gold pieces.

Inventory:

Hand Weapons
 a - a +2 dagger (weapon)
 b - a +0 blowgun
 i - a +3 dagger
 n - a +0 hunting sling
Missiles
 e - 2 poisoned needles
 f - 2 curare-tipped needles
 h - 101 stones (quivered)
Armour
 c - a +0 robe (worn)
 d - a +1 cloak (worn)
Jewellery
 p - an uncursed ring of fire {unknown}
Scrolls
 r - a scroll of magic mapping {unknown}
 s - a scroll of teleportation
 t - a scroll of enchant armour
 v - a scroll of noise {unknown}
Potions
 k - a potion of haste {unknown}
 l - 2 potions of might {unknown}
 m - a potion of agility {unknown}
 o - 3 potions of curing {unknown}
 q - a potion of brilliance {unknown}
 u - a potion of heal wounds {unknown}
Comestibles
 g - 5 bread rations
 j - 2 royal jellies
 w - a fruit


   Skills:
 + Level 2.0 Fighting
 + Level 3.2 Short Blades
 + Level 1.0(2.4) Slings
 + Level 2.8(2.9) Throwing
 + Level 2.1 Dodging
 + Level 7.2 Stealth


You had 3 spell levels left.
You didn't know any spells.

Dungeon Overview and Level Annotations

Branches:
Dungeon (4/15)
 Temple: D:4-7

Altars:


Innate Abilities, Weirdness & Mutations

You are very small and have problems with some larger weapons.
You are too small for most types of armour.
You have supernaturally acute eyesight. (SInv)
You are a herbivore.
You cover ground extremely quickly.
You need consume almost no food.


Message History

Wield which item (- for none, * to show all)? (? for menu, Esc to quit)
a - a +2 dagger (weapon)
You hit the ooze.
The ooze is moderately wounded.
The ooze misses you.
The orc priest calls down the wrath of Beogh upon you.
Beogh smites you!
You hear a shout!
You hit the ooze.
The ooze is heavily wounded.
The ooze closely misses you.
The orc priest calls down the wrath of Beogh upon you.
Pain shoots through your body!
You hit the ooze.
The ooze is heavily wounded.
The ooze completely misses you.
The orc priest calls down the wrath of Beogh upon you.
Pain shoots through your body!
Ouch! That really hurt!
You die...

.... ## .#
....##...#
.........# ## .
..!......##.#...
................
#...>#.#..#.#. .
#............
..#. #..J#..#.#.
.....#..@.......
.....#..#.#.....
#.....#.#..###
#.#..o#...# #
#.....#.##
##.#........#
......o(##.##
♣♣♣ ##.......# #
♣...♣♣♣####..##


You could see an orc priest, an ooze and an orc.

Vanquished Creatures
  An orc wizard (D:3)
  3 gnolls (D:3)
  An adder (D:2)
  An ooze (D:1)
  A leopard gecko (D:2)
  2 orcs (D:3)
  5 giant cockroaches
  5 goblins
  8 hobgoblins
  A quokka (D:4)
  5 bats
  5 frilled lizards
  3 kobolds
  7 rats
48 creatures vanquished.

Notes
Turn   | Place    | Note
-------+----------+-------------------------------------------
     0 | D:1      | Mamutox the Spriggan Assassin began the quest for the Orb.
     0 | D:1      | Reached XP level 1. HP: 10/10 MP: 2/2
   107 | D:1      | Reached skill level 6 in Stealth
   435 | D:1      | Reached XP level 2. HP: 15/15 MP: 3/3
   894 | D:1      | Reached XP level 3. HP: 18/18 MP: 4/4
  2065 | D:3      | Reached skill level 7 in Stealth
  2065 | D:3      | Reached XP level 4. HP: 5/23 MP: 5/5
  2522 | D:3      | Reached skill level 1 in Slings
  2934 | D:4      | Killed from afar by an orc priest

Vault maps used:
D:1:      dpeg_arrival_rhombi
D:3:      first_bread
D:4:      wad_woods_settlement, grunt_temple_overflow_open,
          minmay_temple_entry_statues_pillars, minmay_misc_feat_columns,
          uniq_crazy_yiuf_cottage

Skill      XL: |  1  2  3  4 |
---------------+-------------+-----
Stealth        | 6 7 |  7.2
Short Blades   | 3 |  3.2
Dodging        | 2 |  2.1
Fighting       | 2 |  2.0
Slings         | 1 |  1.0
Throwing       | |  2.8

Action                   |  1- 3 |  4- 6 || total
-------------------------+-------+-------++-------
Melee: Dagger            |    95 |     5 ||   100
 Fire: Blowgun           |    32 |     4 ||    36
       Hunting sling     |       |    28 ||    28
  Use: Scroll            |     4 |       ||     4
 Stab: Sleeping          |    12 |     1 ||    13
Armor: Robe              |    12 |       ||    12
Dodge: Dodged            |    59 |     4 ||    63

Table legend:
 A = Spawn XP
 B = Non-spawn XP
 C = Spawn XP percentage of total XP
 D = Spawn monster count
 E = Non-spawn monster count
 F = Spawn count percentage of total count
 G = Total turns spent on level
                    A         B        C        D         E        F      G
               +---------+---------+-------+---------+---------+-------+---------
         Total |       0 |     174 |   0.0 |       0 |      48 |   0.0 |  2934
               +---------+---------+-------+---------+---------+-------+---------
           D:1 |       0 |      41 |   0.0 |       0 |      24 |   0.0 |  1051
           D:2 |       0 |      26 |   0.0 |       0 |       8 |   0.0 |   495
           D:3 |       0 |     105 |   0.0 |       0 |      15 |   0.0 |  1256
           D:4 |       0 |       2 |   0.0 |       0 |       1 |   0.0 |   132
               +---------+---------+-------+---------+---------+-------+---------
